Map: Eternal Empire LE

Players

InZaNe - Winner!

  • Race: Terran Terran
  • Spawn Location: 7:00

Vindicta

  • Race: Terran Terran
  • Spawn Location: 1:00

Event: IEM Katowice 2020

VOD

Have the link to the VOD?

Description

Time

  • Played on: Feb. 25, 2020, 10:22 a.m.
  • Length: 21:26

All games in this series

Show
View Real Time Build Order
Export as new Build Order

InZaNe Terran - Winner!

Build Orders: Mech 

Get SALT Encoding   

  12  0:01  SCV  
  13  0:13  SCV  
  14  0:17  Supply Depot  
  14  0:25  SCV  
  14  0:28  Refinery  
  15  0:38  SCV  
  16  0:44  Barracks  
  16  0:51  SCV  
  16  0:54  Refinery  
  17  1:03  SCV  
  18  1:15  SCV  
  19  1:31  Reaper, Orbital Command  
  20  1:34  Factory  
  20  1:44  Supply Depot  
  20  1:57  SCV  
  21  2:03  Reaper  
  22  2:09  SCV  
  23  2:18  Hellion  
  23  2:21  SCV  
  26  2:33  Command Center  
  26  2:34  SCV  
  26  2:37  Reaper  
  28  2:40  Hellion  
  30  2:47  Supply Depot  
  30  2:48  SCV  
  31  2:56  Starport  
  31  3:08  SCV, Factory Tech Lab  
  32  3:16  Barracks Tech Lab  
  31  3:21  SCV  
  32  3:28  Cyclone  
  32  3:33  SCV  
  36  3:40  Refinery  
  36  3:41  Raven  
  36  3:45  SCV  
  36  3:46  Orbital Command  
  39  3:49  Refinery  
  39  3:57  SCV  
  39  4:00  Cyclone  
  43  4:06  Mag-Field Accelerator  
  43  4:09  SCV  
  44  4:11  SCV  
  45  4:20  Supply Depot  
  45  4:21  SCV  
  45  4:23  SCV  
  47  4:27  Raven  
  49  4:33  SCV  
  49  4:36  SCV, Cyclone  
  54  4:40  Supply Depot  
  55  4:45  SCV  
  55  4:48  SCV  
  56  4:57  SCV  
  48  5:09  SCV, Raven  
  48  5:13  SCV  
  50  5:20  Command Center  
  50  5:22  SCV  
  50  5:24  Cyclone  
  50  5:25  SCV  
  55  5:34  SCV  
  56  5:37  Factory  
  56  5:38  SCV  
  56  5:42  Factory  
  57  5:44  Barracks Reactor  
  57  5:46  SCV  
  58  5:50  SCV  
  59  5:58  SCV  
  59  6:02  SCV  
  61  6:04  Siege Tank  
  61  6:09  Starport Reactor  
  61  6:10  SCV  
  65  6:14  SCV  
  66  6:22  SCV  
  67  6:26  SCV  
  67  6:32  Orbital Command  
  68  6:33  Factory  
  68  6:34  SCV, Factory  
  68  6:38  SCV  
  68  6:39  Hellion x2, Siege Tank  
  77  6:43  Armory  
  77  6:46  SCV  
  78  6:48  Viking  
  78  6:50  SCV  
  78  6:53  Viking  
  83  6:58  SCV  
  84  7:02  SCV  
  84  7:04  Orbital Command  
  84  7:05  Supply Depot  
  84  7:06  Hellion x2  
  89  7:10  SCV  
  89  7:14  SCV  
  91  7:17  Refinery  
  91  7:19  Factory Reactor, Factory Tech Lab  
  91  7:20  Viking  
  93  7:23  SCV  
  94  7:30  SCV x2  
  94  7:35  SCV  
  94  7:36  Terran Vehicle Weapons Level 1  
  96  7:40  Viking, Siege Tank  
  96  7:42  SCV x2  
  103  7:45  Refinery  
  103  7:49  SCV, Supply Depot  
  103  7:50  Supply Depot  
  104  7:58  Siege Tank  
  107  8:01  SCV x2  
  107  8:05  SCV, Siege Tank  
  113  8:13  SCV  
  113  8:15  Siege Tank  
  113  8:16  Hellion x2  
  113  8:17  Hellion x2  
  123  8:21  Engineering Bay  
  123  8:25  Viking, Supply Depot  
  125  8:28  Viking  
  127  8:36  Supply Depot  
  127  8:46  Command Center  
  127  8:53  Siege Tank x3  
  127  8:55  Viking  
  134  9:02  Viking  
  136  9:05  Missile Turret  
  136  9:08  Sensor Tower  
  136  9:10  Hellion x3  
  136  9:11  Hellion  
  143  9:25  Armory  
  143  9:30  Terran Vehicle And Ship Armor Level 1  
  143  9:31  Missile Turret  
  143  9:32  Missile Turret x2  
  143  9:34  Missile Turret  
  143  9:35  Missile Turret x2  
  145  9:50  Missile Turret x2, Liberator x2  
  147  9:54  Supply Depot  
  147  10:04  SCV x3  
  147  10:07  Supply Depot  
  150  10:09  Thor  
  150  10:11  Siege Tank  
  157  10:19  Terran Vehicle Weapons Level 2  
  154  10:22  Thor  
  160  10:31  Infernal Pre-Igniter  
  160  10:32  Missile Turret  
  160  10:33  Hellion x3  
  160  10:34  Hellion  
  168  10:36  Hi-Sec Auto Tracking  
  168  10:43  Viking  
  168  10:44  Viking  
  168  10:47  Supply Depot  
  172  10:54  Siege Tank x2  
  178  11:02  Hellion x4  
  183  11:10  Planetary Fortress  
  180  11:15  Starport  
  180  11:16  Starport  
  175  11:28  Siege Tank x2  
  175  11:29  Hellion, Siege Tank  
  175  11:31  Hellion  
  188  11:36  Hellion x2  
  188  11:39  Terran Vehicle And Ship Armor Level 2  
  192  11:44  Viking  
  194  11:48  Viking  
  196  11:56  Starport Reactor x2  
  190  12:09  Missile Turret  
  196  12:24  Thor  
  196  12:25  Widow Mine  
  196  12:28  Viking  
  196  12:30  Viking, SCV x3  
  196  12:35  Supply Depot  
  174  12:52  SCV x2  
  174  12:57  Factory  
  165  12:58  Factory  
  165  12:59  Factory  
  165  13:02  Refinery, Siege Tank  
  165  13:03  Viking x2, Hellion x4, Siege Tank  
  181  13:06  Refinery  
  181  13:12  Viking x2  
  183  13:26  Viking x2  
  183  13:28  Hellion x2  
  183  13:29  Hellion x2  
  183  13:33  Viking  
  193  13:42  Thor  
  193  13:46  Terran Ship Weapons Level 1  
  195  13:54  Hellion x2, Siege Tank x2  
  195  13:55  Hellion x2  
  180  13:59  Viking  
  180  14:01  Viking  
  168  14:06  Viking  
  156  14:18  Factory Tech Lab x3  
  156  14:22  Terran Vehicle Weapons Level 3  
  152  14:29  Sensor Tower  
  152  14:30  Missile Turret  
  152  14:34  Siege Tank  
  155  14:42  Thor  
  159  14:51  Thor  
  165  15:08  Thor  
  171  15:16  Thor  
  171  15:19  Command Center  
  177  15:23  Siege Tank  
  177  15:27  Factory Tech Lab  
  180  15:33  Liberator  
  181  15:42  Missile Turret  
  181  15:51  Siege Tank x2  
  187  15:57  Sensor Tower  
  183  16:08  Viking  
  183  16:09  Viking x2  
  183  16:10  Viking  
  164  16:25  Hellion  
  164  16:26  Terran Vehicle And Ship Armor Level 3  
  164  16:29  Hellion x2  
  164  16:30  Hellion  
  170  16:39  Siege Tank x2  
  174  16:41  Supply Depot  
  176  16:47  Hellion x2  
  178  16:56  Viking x3  
  178  16:57  Viking  
  186  17:16  Viking  
  188  17:26  Siege Tank x3  
  188  17:27  Hellion  
  199  17:34  Command Center  
  199  17:35  Command Center  
  199  17:40  Siege Tank  
  199  17:43  Siege Tank  
  170  17:44  Hellion x3  
  170  17:47  Hellion  
  170  17:48  Hellion  
  153  17:58  Hellion  
  152  18:01  Siege Tank x2  
  158  18:09  Hellion x3  
  164  18:18  Hellion x2  
  168  18:25  Hellion x2  
  172  18:32  Hellion  
  172  18:33  Hellion x2  
  172  18:34  Siege Tank x2  
  184  18:40  Viking x2  
  188  18:47  Viking  
  184  19:04  Viking x3  
  184  19:06  Unknown, Sensor Tower  
  184  19:08  Planetary Fortress  
  190  19:23  Thor  
  196  19:27  Hellion x2  
  197  19:49  Liberator x2  
  200  19:59  Planetary Fortress  
  200  20:14  Refinery  
  200  20:18  Refinery  
  194  21:04  Hellion x15  
Show
View Real Time Build Order
Export as new Build Order

Vindicta Terran 

Build Orders: Gas First Reaper Expand, Hellion Opening 

Get SALT Encoding   

  12  0:00  SCV  
  13  0:12  SCV  
  14  0:17  Supply Depot  
  14  0:24  SCV  
  14  0:27  Refinery  
  15  0:39  SCV  
  16  0:45  Barracks  
  16  0:51  SCV  
  17  1:03  SCV  
  18  1:15  SCV  
  19  1:32  Reaper  
  20  1:33  Orbital Command  
  20  1:46  Command Center  
  20  1:58  Factory  
  20  2:02  SCV  
  20  2:05  Barracks Reactor  
  21  2:15  SCV  
  21  2:17  Supply Depot  
  21  2:21  Refinery  
  22  2:28  SCV  
  23  2:40  SCV  
  23  2:43  Starport  
  24  2:48  Hellion x2  
  28  2:52  SCV  
  28  2:55  Barracks Tech Lab  
  29  3:03  Orbital Command  
  29  3:10  Hellion  
  30  3:18  Hellion  
  33  3:22  Concussive Shells, Marauder  
  33  3:25  SCV  
  38  3:34  Hellion  
  38  3:38  Supply Depot  
  37  3:42  Hellion  
  37  3:46  Medivac  
  41  3:50  Marauder  
  41  3:53  SCV  
  41  3:55  SCV  
  47  4:05  SCV  
  47  4:09  SCV  
  47  4:17  SCV  
  47  4:19  Cyclone, Starport Tech Lab  
  47  4:21  SCV  
  47  4:23  Supply Depot, Marine  
  47  4:24  Marine  
  54  4:34  Supply Depot  
  54  4:44  SCV x2, Raven, Marine x2  
  60  4:46  Supply Depot  
  58  4:56  SCV x2  
  58  5:06  Marine x2, Siege Tank  
  56  5:08  SCV  
  56  5:11  Command Center  
  56  5:12  SCV  
  56  5:21  SCV  
  57  5:23  Barracks  
  57  5:26  SCV  
  58  5:32  Barracks  
  58  5:33  SCV  
  59  5:36  Starport Reactor  
  59  5:38  Siege Tank  
  59  5:39  SCV  
  59  5:40  Engineering Bay x2  
  63  5:43  Stimpack  
  63  5:45  SCV  
  64  5:53  SCV  
  61  5:57  SCV  
  61  5:59  Marauder  
  64  6:05  SCV  
  64  6:09  SCV  
  66  6:16  Refinery  
  66  6:17  Refinery  
  67  6:20  Marauder  
  67  6:21  SCV, Factory Tech Lab  
  67  6:22  Marine  
  67  6:23  Terran Infantry Weapons Level 1  
  67  6:25  Orbital Command  
  69  6:28  SCV  
  69  6:30  Marine  
  69  6:32  Combat Shield  
  71  6:33  SCV  
  72  6:40  SCV  
  72  6:42  Marauder, Marine  
  72  6:46  SCV  
  77  6:48  Medivac  
  77  6:50  Orbital Command  
  77  6:51  Marine x2  
  77  6:52  SCV  
  82  6:59  Terran Infantry Armor Level 1  
  82  7:00  Marine  
  83  7:03  SCV, Supply Depot, Marine  
  83  7:04  SCV  
  83  7:05  Missile Turret  
  83  7:07  Supply Depot  
  86  7:09  Marine  
  86  7:15  SCV  
  88  7:16  SCV x2  
  88  7:17  Siege Tank  
  88  7:21  Marauder  
  93  7:25  Supply Depot  
  93  7:26  Marauder  
  93  7:27  SCV  
  93  7:28  SCV x2  
  98  7:39  SCV, Medivac  
  98  7:40  SCV  
  98  7:41  Barracks  
  98  7:42  Medivac, Barracks  
  104  7:45  SCV  
  107  7:51  SCV  
  107  7:53  SCV  
  107  7:54  Refinery x2  
  107  7:57  SCV  
  110  7:58  Siege Tank  
  110  8:03  SCV, Marine x2  
  110  8:05  SCV  
  117  8:07  Marauder  
  117  8:08  Missile Turret  
  117  8:10  SCV  
  117  8:11  Supply Depot  
  116  8:15  SCV  
  116  8:19  Supply Depot  
  117  8:22  Marine x2  
  117  8:23  SCV  
  117  8:26  Liberator  
  124  8:29  Barracks Reactor  
  124  8:30  Command Center, Barracks Tech Lab  
  124  8:32  Liberator  
  126  8:34  Armory  
  126  8:39  Siege Tank  
  128  8:45  Marine x2  
  128  8:46  Marauder  
  128  8:47  SCV  
  128  8:48  SCV  
  134  8:54  Marauder x2  
  133  9:03  Marine x2  
  133  9:07  Supply Depot, Marauder  
  133  9:08  Barracks x2  
  133  9:09  Marine  
  136  9:11  Marine  
  136  9:15  Marauder x2  
  141  9:22  Terran Infantry Armor Level 2, Terran Infantry Weapons Level 2  
  141  9:29  Terran Vehicle Weapons Level 1, Marauder, Marine x2  
  141  9:30  SCV x2  
  147  9:31  Supply Depot  
  147  9:35  Supply Depot  
  149  9:38  Marauder  
  149  9:39  Marine  
  149  9:44  Supply Depot  
  149  9:47  Siege Tank  
  149  9:48  Marauder  
  149  9:54  Marine  
  149  9:55  Marauder  
  149  9:56  Barracks Tech Lab  
  152  10:01  Marine x2  
  152  10:02  Marauder  
  152  10:06  Starport  
  156  10:07  Starport  
  156  10:09  Marine  
  156  10:12  Planetary Fortress  
  161  10:22  Unknown  
  161  10:23  Siege Tank  
  161  10:27  Command Center  
  159  10:38  Command Center  
  159  10:39  Viking  
  159  10:42  Viking  
  163  10:49  Fusion Core  
  166  10:52  Liberator  
  165  10:59  Starport Tech Lab  
  165  11:02  Viking  
  163  11:06  Marine  
  163  11:07  Marine x2  
  163  11:09  Viking  
  168  11:12  Viking  
  168  11:18  SCV  
  171  11:22  Corvid Reactor  
  171  11:23  Terran Ship Weapons Level 1  
  173  11:27  Siege Tank  
  173  11:28  Marauder  
  173  11:29  Marine  
  173  11:30  Marauder  
  173  11:31  Marine  
  173  11:32  Viking  
  178  11:35  Marauder, Marine x2  
  178  11:39  Viking, Advanced Ballistics  
  176  11:44  Liberator  
  179  11:48  Marauder  
  179  11:53  Orbital Command  
  181  11:55  Viking x2  
  187  12:03  Siege Tank  
  190  12:10  Terran Infantry Weapons Level 3  
  190  12:11  Liberator  
  187  12:15  SCV  
  187  12:26  Orbital Command  
  187  12:27  Marauder  
  187  12:28  Marauder  
  188  12:35  Siege Tank  
  176  12:46  Viking  
  176  12:47  Viking  
  176  12:50  Viking, Unknown  
  176  12:52  SCV  
  176  12:54  Orbital Command  
  171  13:01  SCV  
  171  13:04  SCV  
  171  13:05  Liberator  
  175  13:09  Viking  
  173  13:16  SCV  
  173  13:18  SCV  
  173  13:19  Supply Depot  
  175  13:20  Marine  
  170  13:29  Viking  
  170  13:30  SCV x2  
  170  13:31  SCV  
  174  13:40  Viking  
  176  13:41  Viking  
  176  13:42  Viking  
  176  13:44  Marauder  
  179  13:51  Marine x2  
  179  13:52  Marauder x2  
  179  13:54  Liberator  
  149  13:56  Siege Tank  
  149  14:01  Marauder, Marine x2  
  132  14:06  SCV, Refinery x2, Marauder  
  132  14:07  SCV x3  
  132  14:09  Marine x2  
  136  14:13  Marine  
  136  14:14  Marine  
  135  14:18  Marine  
  135  14:21  Liberator x2  
  142  14:26  Marine x2  
  142  14:29  Liberator  
  147  14:34  Marine  
  147  14:35  Marauder  
  152  14:40  Liberator  
  152  14:42  Orbital Command  
  155  14:48  Marine  
  155  14:49  Marauder  
  155  14:51  Marine  
  159  14:58  Refinery  
  160  15:01  SCV  
  160  15:02  SCV x2  
  160  15:03  Refinery  
  169  15:12  Siege Tank  
  172  15:16  SCV  
  164  15:23  Marine x5  
  164  15:24  Marauder, Marine x2  
  162  15:28  Terran Infantry Armor Level 3  
  162  15:35  Terran Ship Weapons Level 2  
  162  15:38  Command Center  
  162  15:41  Marine x2  
  162  15:42  Marauder  
  166  15:44  Siege Tank  
  169  15:52  SCV, Factory  
  169  15:56  Liberator  
  169  15:57  Liberator x2  
  173  16:00  Marauder  
  173  16:01  Marauder  
  173  16:02  Marauder  
  173  16:03  SCV  
  171  16:06  Viking  
  157  16:15  Marauder  
  157  16:17  Liberator  
  158  16:21  SCV x4  
  163  16:32  Siege Tank  
  166  16:33  SCV x4  
  166  16:38  Marauder  
  174  16:41  Liberator  
  174  16:44  Liberator  
  174  16:45  Liberator  
  180  16:47  SCV x2  
  180  16:50  Liberator  
  184  17:07  Liberator  
  186  17:23  Liberator, Siege Tank  
  186  17:27  Liberator  
  193  17:34  Liberator  
  193  17:37  Marauder, Marine  
  194  17:39  Marauder, Marine  
  194  17:42  Marauder x2, Marine  
  162  17:46  Marine  
  162  17:47  Medivac  
  149  17:54  Marine  
  149  17:55  Siege Tank  
  149  17:57  Marine  
  149  17:58  SCV, Marine  
  149  17:59  Marine  
  149  18:00  Marine  
  149  18:03  Marine x2  
  149  18:04  Marauder  
  157  18:08  Viking  
  157  18:12  Marine  
  156  18:14  Marine  
  156  18:17  Planetary Fortress  
  156  18:21  Medivac x3  
  156  18:22  SCV x3  
  156  18:23  SCV  
  156  18:26  Unknown  
  154  18:27  Siege Tank  
  159  18:34  SCV x2  
  159  18:35  SCV x2  
  159  18:38  Medivac  
  157  18:46  SCV  
  157  18:47  SCV x3  
  158  18:51  Medivac x2  
  158  18:54  SCV  
  164  18:56  Marine  
  164  18:57  Marauder  
  164  18:59  SCV x4  
  164  19:00  Viking x2  
  171  19:08  Viking  
  173  19:11  SCV  
  174  19:21  Viking, Liberator  
  172  19:30  Viking, Liberator  
  173  19:38  Viking, Siege Tank  
  168  19:51  Viking  
  162  19:57  SCV  
  159  20:00  Liberator  
  159  20:04  Viking  
  156  20:08  Liberator  
  156  20:13  Viking  
  156  20:21  Viking  
  144  20:34  Viking  
  118  21:05  Starport  
  118  21:07  Supply Depot, Starport  
  118  21:08  Supply Depot x3, Starport  
  118  21:10  Supply Depot  

Tags
 
Add a new tag
Caveats
  • Supply blocks, unpowered buildings, or Contaminate may cause inaccurate times.
  • Supply counts are checked every 10 seconds.